General information
			
			
        
        - name: BNet
 
        - type: Ladder team game (AT/RT)
 
        - host: Battle.net
 
        - saver: Gobiner
 
        
map: Dragonblight 
        - players: 6
 
        - length: 71:43
 
        - speed: Fast
 - version: 1.22 W3XP
 - replay type:  Public
 
» download(338 KB)
Players
        team 1 (loser) 
              
              
dog13 (
blue | 43 APM | 2498 actions | 57:42)
              
 4 Tauren Chieftain 
 2 War Stomp
 2 Endurance Aura
 3 Far Seer 
 2 Chain Lighting
 1 Feral Spirit
 
                » actions 
                
                | Assign group hotkey | 27 |  | 
| Basic commands | 1 |  | 
| Build / train | 95 |  | 
| Enter build submenu | 26 |  | 
| Enter hero's abilities submenu | 7 |  | 
| Give item / drop item | 1 |  | 
| Right click | 1352 |  | 
| Select / deselect | 481 |  | 
| Select group hotkey | 367 |  | 
| Use ability | 141 |  | 
                2498 total
 » units 
                
                | Peon | 25 |  | 
| Grunt | 7 |  | 
| Demolisher | 3 |  | 
| Troll Witch Doctor | 7 |  | 
| Raider | 1 |  | 
| Kodo Beast | 1 |  | 
| Troll Batrider | 4 |  | 
| Tauren | 3 |  | 
| Shaman | 1 |  | 
                52 total
 » upgrades
                
                | Armor | 1 |  | 
| Melee Weapons | 1 |  | 
| Spiked Barricades | 1 |  | 
| Witch Doctor Training | 2 |  | 
| Ensnare | 1 |  | 
| Berserker Strength | 1 |  | 
| Liquid Fire | 1 |  | 
| Burning Oil | 1 |  | 
| Reinforced Defenses | 1 |  | 
| Shaman Training | 2 |  | 
                12 total
 » buildings
                
                | Altar of Storms | 1 |  | 
| Barracks | 1 |  | 
| Orc Burrow | 6 |  | 
| Voodoo Lounge | 1 |  | 
| War Mill | 1 |  | 
| Stronghold | 1 |  | 
| Watch Tower | 9 |  | 
| Beastiary | 1 |  | 
| Spirit Lodge | 1 |  | 
| Fortress | 1 |  | 
| Tauren Totem | 1 |  | 
| Great Hall | 3 |  | 
                27 total
 » build order
                00:07 Altar of Storms
00:12 Barracks
00:17 Orc Burrow
01:39 Orc Burrow
02:09 Voodoo Lounge
02:33 War Mill
03:32 Orc Burrow
05:30 Stronghold
06:03 Watch Tower
06:39 Orc Burrow
07:32 Orc Burrow
07:38 Watch Tower
08:26 Beastiary
08:53 Spirit Lodge
11:17 Fortress
13:12 Orc Burrow
13:17 Watch Tower
15:32 Tauren Totem
17:22 Great Hall
21:00 Great Hall
21:23 Watch Tower
21:26 Watch Tower
22:35 Watch Tower
24:18 Watch Tower
26:55 Watch Tower
28:42 Great Hall
29:04 Watch Tower
» items
                
                | Lesser Clarity Potion | 7 |  | 
| Healing Salve | 3 |  | 
| Scroll of Speed | 6 |  | 
| Potion of Healing | 2 |  | 
| Scroll of Town Portal | 2 |  | 
                20 total
  
               
              
              
DontLetMeDrown (
pink | 47 APM | 3364 actions | 71:40)
              
 5 Crypt Lord 
 3 Carrion Beetles
 2 Spiked Carapace
 4 Death Knight 
 2 Death Coil
 2 Unholy Aura
 4 Lich 
 2 Frost Nova
 2 Frost Armor
 
                » actions 
                
                | Assign group hotkey | 60 |  | 
| Build / train | 168 |  | 
| ESC pressed | 1 |  | 
| Enter build submenu | 36 |  | 
| Enter hero's abilities submenu | 13 |  | 
| Right click | 1489 |  | 
| Select / deselect | 671 |  | 
| Select group hotkey | 809 |  | 
| Use ability | 117 |  | 
                3364 total
 » units 
                
                | Acolyte | 104 |  | 
| Ghoul | 4 |  | 
| Frost Wyrm | 10 |  | 
| Crypt Fiend | 4 |  | 
                122 total
 » upgrades
                
                | Creature Carapace | 2 |  | 
| Creature Attack | 1 |  | 
| Web | 1 |  | 
| Freezing Breath | 1 |  | 
| Burrow | 1 |  | 
                6 total
 » buildings
                
                | Graveyard | 2 |  | 
| Crypt | 1 |  | 
| Ziggurat | 21 |  | 
| Altar of Darkness | 1 |  | 
| Halls of the Dead | 3 |  | 
| Spirit Tower | 14 |  | 
| Tomb of Relics | 1 |  | 
| Black Citadel | 2 |  | 
| Sacrificial Pit | 1 |  | 
| Boneyard | 2 |  | 
| Necropolis | 2 |  | 
                50 total
 » build order
                00:13 Graveyard
00:19 Crypt
00:48 Ziggurat
00:58 Altar of Darkness
02:25 Halls of the Dead
02:26 Halls of the Dead
02:26 Halls of the Dead
02:33 Spirit Tower
03:24 Ziggurat
03:26 Ziggurat
03:53 Tomb of Relics
04:41 Spirit Tower
04:43 Spirit Tower
04:47 Black Citadel
05:45 Sacrificial Pit
06:37 Ziggurat
07:31 Boneyard
07:35 Boneyard
09:29 Ziggurat
13:14 Ziggurat
13:17 Ziggurat
13:18 Ziggurat
19:49 Spirit Tower
20:13 Ziggurat
20:34 Ziggurat
21:34 Spirit Tower
22:40 Ziggurat
22:42 Ziggurat
22:43 Ziggurat
26:08 Spirit Tower
26:09 Spirit Tower
26:29 Spirit Tower
27:14 Ziggurat
28:40 Spirit Tower
28:45 Ziggurat
29:47 Spirit Tower
45:03 Ziggurat
45:07 Ziggurat
45:53 Necropolis
46:01 Necropolis
47:19 Graveyard
50:18 Spirit Tower
53:52 Spirit Tower
54:32 Ziggurat
59:04 Spirit Tower
62:04 Ziggurat
62:36 Ziggurat
62:38 Ziggurat
63:48 Spirit Tower
» items
                
                | Rod of Necromancy | 1 |  | 
| Orb of Corruption | 2 |  | 
| Orb of Fire | 1 |  | 
                4 total
  
               
              
              
gofukurelf (
green | 22 APM | 1553 actions | 69:08)
              
 5 Mountain King 
 3 Storm Bolt
 2 Thunder Clap
 3 Archmage 
 1 Brilliance Aura
 1 Summon Water Elemental
 1 Blizzard
 
                » actions 
                
                | Assign group hotkey | 11 |  | 
| Build / train | 73 |  | 
| Enter build submenu | 23 |  | 
| Enter hero's abilities submenu | 11 |  | 
| Give item / drop item | 1 |  | 
| Remove unit from queue | 2 |  | 
| Right click | 551 |  | 
| Select / deselect | 346 |  | 
| Select group hotkey | 468 |  | 
| Use ability | 67 |  | 
                1553 total
 » units 
                
                | Peasant | 12 |  | 
| Footman | 7 |  | 
| Sorceress | 3 |  | 
| Mortar Team | 11 |  | 
| Priest | 12 |  | 
| Rifleman | 1 |  | 
| Siege Engine | 1 |  | 
| Blue Dragon | 2 |  | 
                49 total
 » upgrades
                
                | Gunpowder | 1 |  | 
| Armor | 1 |  | 
| Priest Training | 2 |  | 
| Fragmentation Shards | 1 |  | 
| Barrage | 1 |  | 
                6 total
 » buildings
                
                | Altar of Kings | 2 |  | 
| Farm | 9 |  | 
| Scout Tower | 3 |  | 
| Barracks | 1 |  | 
| Lumber Mill | 1 |  | 
| Arcane Tower | 1 |  | 
| Arcane Vault | 1 |  | 
| Keep | 2 |  | 
| Blacksmith | 1 |  | 
| Guard Tower | 2 |  | 
| Arcane Sanctum | 1 |  | 
| Workshop | 1 |  | 
| Castle | 2 |  | 
| Town Hall | 3 |  | 
                30 total
 » build order
                00:24 Altar of Kings
00:53 Farm
00:56 Scout Tower
01:05 Barracks
01:24 Lumber Mill
01:28 Farm
01:56 Arcane Tower
02:18 Farm
02:27 Farm
03:11 Arcane Vault
03:16 Farm
04:00 Keep
04:56 Scout Tower
05:01 Blacksmith
05:33 Farm
05:38 Farm
06:14 Guard Tower
06:18 Farm
06:23 Arcane Sanctum
06:25 Workshop
08:03 Farm
09:53 Castle
11:48 Scout Tower
12:25 Guard Tower
19:50 Town Hall
23:13 Altar of Kings
27:41 Keep
30:34 Castle
47:56 Town Hall
48:02 Town Hall
 
               team 2 (winner) 
              
              
Blahsmack (
red | 32 APM | 2279 actions | 71:41)
              
 6 Blademaster 
 2 Wind Walk
 3 Critical Strike
 1 Bladestorm
 
                » actions 
                
                | Assign group hotkey | 1 |  | 
| Basic commands | 86 |  | 
| Build / train | 164 |  | 
| Enter build submenu | 22 |  | 
| Enter hero's abilities submenu | 6 |  | 
| Give item / drop item | 5 |  | 
| Remove unit from queue | 4 |  | 
| Right click | 1289 |  | 
| Select / deselect | 547 |  | 
| Use ability | 155 |  | 
                2279 total
 » units 
                » upgrades
                
                | Troll Regeneration | 1 |  | 
| Liquid Fire | 1 |  | 
| Reinforced Defenses | 1 |  | 
| Ranged Weapons | 3 |  | 
| Spiked Barricades | 3 |  | 
| Armor | 3 |  | 
                12 total
 » buildings
                
                | Altar of Storms | 1 |  | 
| Orc Burrow | 4 |  | 
| War Mill | 1 |  | 
| Watch Tower | 33 |  | 
| Voodoo Lounge | 2 |  | 
| Barracks | 1 |  | 
| Stronghold | 1 |  | 
| Beastiary | 3 |  | 
| Fortress | 3 |  | 
                49 total
 » build order
                00:11 Altar of Storms
00:14 Orc Burrow
00:40 War Mill
01:27 Orc Burrow
02:12 Watch Tower
02:18 Voodoo Lounge
02:37 Watch Tower
03:11 Watch Tower
04:30 Watch Tower
04:31 Watch Tower
04:32 Watch Tower
04:44 Barracks
05:21 Stronghold
05:35 Watch Tower
05:40 Watch Tower
05:43 Watch Tower
06:03 Orc Burrow
06:05 Orc Burrow
07:01 Watch Tower
07:02 Watch Tower
07:03 Watch Tower
07:37 Voodoo Lounge
07:50 Beastiary
07:53 Beastiary
08:03 Beastiary
08:16 Watch Tower
08:17 Watch Tower
08:18 Watch Tower
08:21 Watch Tower
08:23 Watch Tower
08:24 Watch Tower
08:34 Watch Tower
08:35 Watch Tower
08:36 Watch Tower
08:38 Watch Tower
08:38 Watch Tower
08:39 Watch Tower
09:09 Fortress
09:09 Fortress
09:09 Fortress
11:35 Watch Tower
11:35 Watch Tower
11:38 Watch Tower
22:22 Watch Tower
22:23 Watch Tower
22:24 Watch Tower
22:29 Watch Tower
22:30 Watch Tower
22:31 Watch Tower
» items
                
                | Healing Salve | 2 |  | 
| Lesser Clarity Potion | 1 |  | 
| Orb of Lightning | 1 |  | 
| Staff of Teleportation | 1 |  | 
| Tiny Great Hall | 13 |  | 
| Boots of Speed | 2 |  | 
                20 total
  
               
              
              
Gobiner (
yellow | 46 APM | 3268 actions | 71:43)
              
 6 Archmage 
 3 Blizzard
 2 Brilliance Aura
 1 Mass Teleport
 5 Blood Mage 
 3 Flame Strike
 2 Siphon Mana
 
                » actions 
                
                | Assign group hotkey | 20 |  | 
| Basic commands | 26 |  | 
| Build / train | 228 |  | 
| ESC pressed | 5 |  | 
| Enter build submenu | 58 |  | 
| Enter hero's abilities submenu | 12 |  | 
| Give item / drop item | 4 |  | 
| Right click | 888 |  | 
| Select / deselect | 694 |  | 
| Select group hotkey | 920 |  | 
| Use ability | 413 |  | 
                3268 total
 » units 
                
                | Peasant | 20 |  | 
| Priest | 2 |  | 
| Sorceress | 2 |  | 
| Flying Machine | 60 |  | 
                84 total
 » upgrades
                
                | Masonry | 3 |  | 
| Lumber Harvesting | 2 |  | 
| Magic Sentry | 1 |  | 
| Sorceress Training | 2 |  | 
| Priest Training | 3 |  | 
| Backpack | 1 |  | 
| Cloud | 1 |  | 
| Storm Hammers | 1 |  | 
| Animal War Training | 1 |  | 
| Armor | 3 |  | 
| Swords | 3 |  | 
| Flak Cannons | 1 |  | 
| Flying Machine Bombs | 1 |  | 
| Fragmentation Shards | 1 |  | 
| Barrage | 1 |  | 
| Gunpowder | 3 |  | 
| Control Magic | 1 |  | 
| Flare | 1 |  | 
| Long Rifles | 1 |  | 
| Defend | 1 |  | 
| Plating | 3 |  | 
                35 total
 » buildings
                
                | Altar of Kings | 1 |  | 
| Lumber Mill | 2 |  | 
| Farm | 14 |  | 
| Scout Tower | 132 |  | 
| Arcane Tower | 12 |  | 
| Guard Tower | 57 |  | 
| Keep | 1 |  | 
| Town Hall | 2 |  | 
| Arcane Vault | 1 |  | 
| Arcane Sanctum | 1 |  | 
| Castle | 1 |  | 
| Gryphon Aviary | 1 |  | 
| Blacksmith | 2 |  | 
| Barracks | 1 |  | 
| Workshop | 2 |  | 
| Cannon Tower | 8 |  | 
                238 total
 » build order
                00:07 Altar of Kings
00:12 Lumber Mill
00:21 Farm
00:43 Farm
01:07 Scout Tower
01:23 Scout Tower
01:33 Arcane Tower
01:33 Arcane Tower
01:42 Scout Tower
02:11 Guard Tower
02:26 Guard Tower
02:28 Scout Tower
02:30 Scout Tower
02:31 Scout Tower
02:32 Scout Tower
02:56 Guard Tower
02:57 Guard Tower
02:57 Guard Tower
03:25 Guard Tower
03:41 Scout Tower
04:15 Keep
04:17 Guard Tower
04:19 Guard Tower
04:21 Scout Tower
05:17 Guard Tower
05:20 Scout Tower
05:21 Scout Tower
05:49 Farm
05:50 Farm
05:52 Farm
05:56 Guard Tower
06:08 Town Hall
06:13 Scout Tower
06:14 Scout Tower
06:18 Scout Tower
06:23 Arcane Vault
07:17 Guard Tower
07:51 Arcane Sanctum
08:40 Castle
08:58 Scout Tower
08:59 Scout Tower
09:00 Scout Tower
09:00 Scout Tower
09:01 Scout Tower
09:02 Scout Tower
09:04 Scout Tower
09:05 Scout Tower
09:06 Scout Tower
10:14 Arcane Tower
10:14 Arcane Tower
10:15 Arcane Tower
10:16 Guard Tower
10:40 Guard Tower
10:56 Guard Tower
11:59 Scout Tower
12:00 Scout Tower
12:00 Scout Tower
12:01 Scout Tower
12:03 Scout Tower
12:03 Scout Tower
12:04 Scout Tower
12:05 Scout Tower
12:05 Scout Tower
12:06 Scout Tower
12:06 Scout Tower
12:08 Scout Tower
12:08 Scout Tower
12:09 Scout Tower
12:10 Scout Tower
12:11 Scout Tower
13:03 Guard Tower
13:37 Guard Tower
13:49 Guard Tower
14:19 Guard Tower
14:32 Arcane Tower
14:35 Guard Tower
17:56 Gryphon Aviary
17:59 Blacksmith
17:59 Barracks
18:02 Blacksmith
18:11 Guard Tower
18:16 Scout Tower
18:35 Arcane Tower
18:40 Scout Tower
18:41 Scout Tower
18:42 Scout Tower
18:43 Scout Tower
18:44 Scout Tower
18:45 Scout Tower
18:47 Scout Tower
18:48 Scout Tower
18:49 Scout Tower
18:50 Scout Tower
18:57 Town Hall
20:20 Guard Tower
20:24 Scout Tower
20:26 Scout Tower
20:55 Guard Tower
20:58 Scout Tower
21:00 Scout Tower
21:00 Scout Tower
21:01 Scout Tower
21:02 Scout Tower
21:03 Scout Tower
21:04 Guard Tower
21:08 Scout Tower
21:09 Scout Tower
21:10 Scout Tower
21:28 Guard Tower
21:32 Guard Tower
21:53 Guard Tower
21:53 Guard Tower
22:33 Guard Tower
22:58 Arcane Tower
23:17 Arcane Tower
23:22 Scout Tower
23:24 Scout Tower
23:51 Guard Tower
24:35 Guard Tower
25:24 Workshop
25:48 Scout Tower
25:49 Scout Tower
25:52 Scout Tower
25:54 Scout Tower
25:54 Scout Tower
25:55 Scout Tower
26:03 Guard Tower
26:40 Cannon Tower
26:40 Cannon Tower
26:44 Cannon Tower
26:52 Cannon Tower
27:14 Guard Tower
27:23 Guard Tower
27:24 Guard Tower
27:30 Scout Tower
27:31 Scout Tower
27:32 Scout Tower
28:40 Cannon Tower
29:13 Cannon Tower
32:09 Scout Tower
32:09 Scout Tower
32:24 Scout Tower
32:25 Scout Tower
32:25 Scout Tower
32:27 Scout Tower
32:29 Scout Tower
32:34 Scout Tower
32:51 Guard Tower
32:56 Cannon Tower
33:20 Guard Tower
33:57 Guard Tower
34:29 Arcane Tower
34:34 Guard Tower
35:22 Cannon Tower
35:29 Scout Tower
35:30 Scout Tower
35:31 Scout Tower
36:13 Guard Tower
36:31 Guard Tower
37:30 Guard Tower
50:59 Scout Tower
51:00 Scout Tower
51:00 Scout Tower
51:00 Scout Tower
51:01 Scout Tower
51:01 Scout Tower
51:19 Scout Tower
51:20 Scout Tower
51:21 Scout Tower
51:22 Scout Tower
51:22 Scout Tower
51:23 Scout Tower
51:24 Scout Tower
51:25 Scout Tower
51:26 Scout Tower
51:27 Scout Tower
51:28 Scout Tower
51:29 Scout Tower
51:30 Scout Tower
51:31 Scout Tower
51:33 Guard Tower
54:07 Scout Tower
54:08 Scout Tower
54:11 Scout Tower
54:12 Scout Tower
54:13 Scout Tower
54:14 Scout Tower
54:54 Scout Tower
54:54 Scout Tower
54:55 Scout Tower
54:56 Scout Tower
54:57 Scout Tower
54:58 Guard Tower
55:19 Guard Tower
55:28 Guard Tower
55:57 Guard Tower
56:00 Guard Tower
56:01 Guard Tower
56:43 Scout Tower
56:44 Scout Tower
56:48 Scout Tower
56:49 Scout Tower
57:11 Guard Tower
57:32 Guard Tower
57:36 Scout Tower
57:37 Guard Tower
57:38 Scout Tower
57:46 Scout Tower
57:48 Scout Tower
57:49 Scout Tower
57:49 Scout Tower
57:50 Scout Tower
57:52 Scout Tower
57:59 Scout Tower
58:00 Scout Tower
58:54 Guard Tower
58:58 Guard Tower
59:00 Guard Tower
59:29 Lumber Mill
59:31 Guard Tower
61:31 Workshop
61:32 Farm
61:32 Farm
61:32 Farm
61:35 Farm
61:35 Farm
62:11 Farm
62:12 Farm
62:15 Farm
» items
                
                | Boots of Speed | 2 |  | 
| Staff of Teleportation | 2 |  | 
| Scroll of Regeneration | 1 |  | 
| Staff of Sanctuary | 2 |  | 
| Orb of Lightning | 2 |  | 
| Lesser Clarity Potion | 1 |  | 
| Scroll of Town Portal | 1 |  | 
                11 total
  
               
              
              
MrFrosty (
orange | 65 APM | 4658 actions | 71:41)
              
 6 Archmage 
 3 Blizzard
 2 Brilliance Aura
 1 Mass Teleport
 6 Pit Lord 
 3 Rain of Fire
 2 Cleaving Attack
 1 Doom
 
                » actions 
                
                | Assign group hotkey | 22 |  | 
| Basic commands | 42 |  | 
| Build / train | 103 |  | 
| ESC pressed | 2 |  | 
| Enter build submenu | 51 |  | 
| Enter hero's abilities submenu | 13 |  | 
| Give item / drop item | 9 |  | 
| Right click | 2385 |  | 
| Select / deselect | 671 |  | 
| Select group hotkey | 1042 |  | 
| Use ability | 314 |  | 
                4658 total
 » units 
                
                | Peasant | 17 |  | 
| Goblin Shredder | 1 |  | 
| Goblin Zeppelin | 3 |  | 
| Priest | 4 |  | 
| Sorceress | 4 |  | 
| Dragonhawk Rider | 4 |  | 
                33 total
 » upgrades
                
                | Masonry | 4 |  | 
| Sorceress Training | 1 |  | 
| Magic Sentry | 1 |  | 
| Lumber Harvesting | 2 |  | 
| Priest Training | 1 |  | 
| Animal War Training | 1 |  | 
| Armor | 1 |  | 
| Cloud | 1 |  | 
                12 total
 » buildings
                
                | Altar of Kings | 1 |  | 
| Farm | 7 |  | 
| Scout Tower | 52 |  | 
| Arcane Tower | 8 |  | 
| Lumber Mill | 1 |  | 
| Guard Tower | 23 |  | 
| Keep | 1 |  | 
| Arcane Sanctum | 1 |  | 
| Town Hall | 1 |  | 
| Castle | 1 |  | 
| Gryphon Aviary | 1 |  | 
| Blacksmith | 1 |  | 
| Barracks | 1 |  | 
| Arcane Vault | 1 |  | 
                100 total
 » build order
                00:06 Altar of Kings
00:19 Farm
00:49 Scout Tower
01:18 Arcane Tower
01:32 Farm
01:35 Lumber Mill
01:48 Scout Tower
02:20 Scout Tower
02:37 Guard Tower
02:41 Scout Tower
03:27 Guard Tower
03:28 Scout Tower
03:32 Keep
04:37 Guard Tower
04:42 Scout Tower
04:54 Scout Tower
04:56 Scout Tower
05:16 Guard Tower
05:19 Farm
05:21 Farm
05:42 Guard Tower
06:07 Arcane Sanctum
06:11 Arcane Tower
08:29 Scout Tower
08:30 Scout Tower
08:40 Town Hall
08:50 Scout Tower
08:51 Scout Tower
08:52 Scout Tower
08:52 Scout Tower
09:10 Scout Tower
09:20 Guard Tower
09:21 Arcane Tower
09:25 Guard Tower
09:27 Scout Tower
09:36 Guard Tower
09:41 Scout Tower
09:42 Scout Tower
09:43 Scout Tower
09:48 Arcane Tower
10:09 Guard Tower
10:19 Guard Tower
10:23 Guard Tower
10:27 Scout Tower
10:28 Scout Tower
10:29 Scout Tower
10:40 Scout Tower
10:42 Scout Tower
10:43 Scout Tower
10:45 Scout Tower
11:09 Guard Tower
11:15 Scout Tower
11:17 Scout Tower
11:18 Scout Tower
11:19 Scout Tower
11:46 Arcane Tower
11:47 Guard Tower
11:50 Scout Tower
11:51 Scout Tower
11:57 Guard Tower
12:53 Arcane Tower
12:55 Guard Tower
12:59 Castle
13:03 Gryphon Aviary
13:05 Farm
13:08 Blacksmith
13:12 Barracks
13:16 Guard Tower
13:20 Scout Tower
13:21 Scout Tower
13:25 Guard Tower
13:26 Scout Tower
14:25 Guard Tower
14:49 Arcane Vault
15:19 Scout Tower
15:20 Scout Tower
15:21 Scout Tower
15:38 Scout Tower
15:39 Scout Tower
15:51 Guard Tower
16:10 Arcane Tower
16:23 Guard Tower
16:46 Guard Tower
16:49 Scout Tower
17:20 Scout Tower
17:21 Scout Tower
17:24 Guard Tower
17:26 Scout Tower
17:30 Scout Tower
18:26 Arcane Tower
19:47 Farm
19:48 Farm
24:40 Scout Tower
24:41 Scout Tower
24:42 Scout Tower
24:42 Scout Tower
24:43 Scout Tower
24:45 Scout Tower
24:46 Scout Tower
27:39 Guard Tower
» items
                
                | Staff of Teleportation | 2 |  | 
| Boots of Speed | 2 |  | 
| Staff of Sanctuary | 2 |  | 
| Orb of Lightning | 2 |  | 
| Scroll of Town Portal | 1 |  | 
| Periapt of Vitality | 1 |  | 
                10 total
  
                Chat log
          (00:10 / Allies) MrFrosty: timg is real dumb
(00:31 / Allies) MrFrosty: axslav doesnt go above like 120 aopm
(00:40 / Allies) MrFrosty: and hes pro as fuck
(01:00 / Allies) MrFrosty: he plays hu mainly but all races
(01:16 / Allies) MrFrosty: lower end of pro pro
(01:27 / Allies) MrFrosty: he went 25-0 on east without using heroes
(01:45 / Allies) MrFrosty: he has also beaten a shitload of semi pros the same way
(02:01 / Allies) MrFrosty: no
(02:06 / Allies) MrFrosty: using orc i think mainly
(02:12 / Allies) MrFrosty: full length games
(02:14 / Allies) MrFrosty: not rush wins
(02:23 / Allies) MrFrosty: by being axslav
(03:00 / Allies) MrFrosty: whos that noob
(03:03 / Allies) Gobiner: null1fy
(03:07 / Allies) MrFrosty: oh
(03:18 / Allies) MrFrosty: dont move into the blizzard
(03:33 / Allies) MrFrosty: str
(03:40 / Allies) MrFrosty: lol
(03:47 / Allies) MrFrosty: all 3 tomes
(03:51 / Allies) MrFrosty: only 1 camp crept
(04:02 / Allies) MrFrosty: yeah right
(04:08 / Allies) MrFrosty: never overestimate a noob
(04:18 / Allies) MrFrosty: lol cl beetles
(06:31 / Allies) MrFrosty: sapper creeping
(06:44 / Allies) MrFrosty: cant yet tt
(07:00 / Allies) MrFrosty: im not
(08:42 / Allies) MrFrosty: uh
(08:44 / Allies) MrFrosty: crept already what
(09:32 / Allies) MrFrosty: they are creepiong hard
(11:29 / Allies) MrFrosty: yes
(11:34 / Allies) MrFrosty: but its pitlord
(13:30 / Allies) MrFrosty: wel[
(17:34 / All) gofukurelf: im gitting sick of playing u guys
(19:26 / Allies) MrFrosty: thanks for the help
(19:29 / Allies) MrFrosty: expos arent important
(19:41 / Allies) MrFrosty: doing nothing
(22:23 / Allies) MrFrosty: blah you put a tiny hall on me
(26:04 / Allies) MrFrosty: lol
(26:11 / Allies) MrFrosty: green just lost his hero and 7 morts
(26:20 / Allies) MrFrosty: yes
(26:22 / Allies) MrFrosty: mk too
(26:25 / Allies) MrFrosty: but he wasnt about
(28:06 / Allies) MrFrosty: he gets the unsummon too
(28:13 / Allies) MrFrosty: and he needed the acos
(28:16 / Allies) MrFrosty: for
(29:22 / Allies) MrFrosty: that could be why your expo doesnt last fyi
(30:08 / All) Blahsmack: very easy
(30:15 / All) Blahsmack: how easy?
(30:20 / All) Gobiner: one could say, 2ez
(31:33 / All) Blahsmack: very easy
(33:19 / Allies) MrFrosty: big gay dragons
(33:27 / Allies) MrFrosty: they have 1 so far
(33:44 / Allies) MrFrosty: owned
(34:03 / Allies) MrFrosty: they are building
(35:56 / Allies) MrFrosty: welp
(35:59 / Allies) MrFrosty: spotted again
(36:13 / Allies) MrFrosty: why dont you have boots blah
(36:14 / Allies) MrFrosty: jesus
(36:52 / Allies) MrFrosty: oh no acos
(37:12 / Allies) MrFrosty: going to stand here and intercept any acos
(37:33 / Allies) MrFrosty: their heroes arent great
(37:48 / Allies) MrFrosty: apart fromt he cannon towers designed to kill your own shit yeah
(37:58 / Allies) MrFrosty: 4 acos dead so far from this
(40:29 / Allies) MrFrosty: you should go for this gob
(40:35 / Allies) MrFrosty: a shade
(40:39 / Allies) MrFrosty: they didnt before tt
(40:50 / Allies) MrFrosty: i went after you
(40:51 / Allies) MrFrosty: and didnt
(40:55 / Allies) MrFrosty: and killed the 2 acos
(41:11 / All) Gobiner: are we having fun yet??
(41:23 / All) Blahsmack: who plays boring games like these
(41:26 / Allies) MrFrosty: yes
(41:27 / All) Blahsmack: OH WAIT YOU DO
(41:34 / All) gofukurelf: no this 3rd time ive played u u guys bore me to death
(41:43 / All) Blahsmack: thats becuase youre fucking stupid
(41:43 / Allies) MrFrosty: l o l
(41:47 / All) Gobiner: so quit and play a fun game like dota
(41:52 / All) gofukurelf: naa not really
(41:55 / All) Gobiner: dota suits your skillset
(42:09 / All) gofukurelf: talking shit dosent help ur case u guys dont have shit anymore
(42:14 / All) MrFrosty: l o l
(42:14 / All) Blahsmack: lol
(42:16 / All) Gobiner: our case?
(42:25 / All) Blahsmack: were in court?
(42:29 / All) Blahsmack: going to court?
(42:43 / All) Gobiner: I got 100% tech
(42:48 / All) Gobiner: nothing better to do with 20k gold
(42:48 / All) gofukurelf: god u guys arnt even worth talking too
(42:53 / All) Blahsmack: ill skool you noobs at hoops
(42:56 / All) Blahsmack: like barry obama
(43:15 / Allies) MrFrosty: gob just make tp runs on that expo or something
(43:21 / All) Gobiner: so if you guys were wondering if my tanks had the barrage ability, now you know
(43:22 / Allies) MrFrosty: take a scroll kill a couple of things and tp
(43:35 / All) gofukurelf: dont care
(43:40 / Allies) MrFrosty: or you kill the shade i get the mine
(43:52 / Allies) MrFrosty: ok fine
(44:11 / Allies) MrFrosty: go for pinks hall
(44:13 / Allies) MrFrosty: its nearly dead
(44:33 / Allies) MrFrosty: 2 shades
(45:06 / Allies) MrFrosty: lol blahsmack you ahve the worst timing
(45:17 / Allies) MrFrosty: i was going to tell you he sent a wolf down but i figured you wouldnt put it down
(46:22 / All) Blahsmack: oh noes
(46:25 / All) Blahsmack: my expo
(46:29 / All) Blahsmack: i mean your EXPO
(46:37 / Allies) MrFrosty: scan
(46:43 / Allies) MrFrosty: tt
(46:52 / Allies) MrFrosty: and a necro
(47:00 / Allies) MrFrosty: no
(47:02 / Allies) MrFrosty: i killed them
(47:16 / Allies) MrFrosty: what the heck
(47:32 / Allies) MrFrosty: oh its my shredder being dumb
(48:02 / All) MrFrosty: why dont you just wait for more of your acos to die rather than building a yard?
(48:52 / Allies) MrFrosty: got those few acos
(49:21 / Allies) MrFrosty: jesus blah just kill the tower
(49:44 / Allies) MrFrosty: real near 5 pitlord
(49:47 / Allies) MrFrosty: 7 exp
(50:11 / All) Blahsmack: if you guys are sick of us why not just quit?
(50:18 / All) Blahsmack: or are you that fucking stupid?
(50:30 / All) gofukurelf: wow ur a bold guy
(50:34 / All) Blahsmack: bold?
(50:37 / All) MrFrosty: wow ur a bad guy
(50:44 / All) MrFrosty: bad at warcraft that is
(50:58 / All) gofukurelf: naa i bet u can only talk to people like that behind the comfort of u moms pussy
(51:11 / All) MrFrosty: im inside my moms pussy
(51:15 / All) MrFrosty: or behind it
(51:26 / All) MrFrosty: or sometihng im not really sure what you meant b.c it didnt make sense
(51:57 / Allies) MrFrosty: he just keeps replacing them
(52:02 / All) Blahsmack: im actually inside youre mothers vagina right now green
(52:13 / All) MrFrosty: thats how we are making these comments
(52:30 / All) gofukurelf: w/e dude just stop talkin u guys are stupid
(52:40 / All) Blahsmack: we got a lane line going thur her labia majora
(52:52 / All) Blahsmack: so we can get internetz
(52:56 / All) Blahsmack: in da wombz
(53:07 / All) Blahsmack: i guess this makes me your womb mate
(53:11 / All) Blahsmack: get it i make joke
(54:08 / Allies) MrFrosty: ive got $60 in my wallet but nothing bigger than a $10
(54:10 / Allies) MrFrosty: thats gay
(54:32 / All) gofukurelf: that would be great
(54:39 / All) MrFrosty: yeah?
(55:14 / Allies) MrFrosty: ok
(55:38 / Allies) MrFrosty: he never bolts
(55:40 / Allies) MrFrosty: jesus christ
(55:57 / Allies) MrFrosty: they will find that so quick
(57:04 / All) Blahsmack: nice blue
(57:06 / All) Blahsmack: pro
(57:06 / All) MrFrosty: that went well for you guys
(57:07 / All) Blahsmack: shit
(57:14 / All) MrFrosty: you killed a tower and a few peasants
(57:45 / All) MrFrosty: 2 e z 
(57:47 / All) MrFrosty: noobs
(57:49 / All) Blahsmack: aww
(57:52 / All) Blahsmack: da noob left
(57:58 / All) MrFrosty: only 1 of them
(58:34 / Allies) MrFrosty: finish his mine
(58:41 / Allies) MrFrosty: its at like 100hp
(59:29 / All) MrFrosty: wyrms dont cost much
(59:34 / All) MrFrosty: good work
(59:59 / Allies) MrFrosty: ok
(60:55 / All) MrFrosty: i have 20k lumber
(61:01 / All) DontLetMeDrown: share fucker
(61:13 / All) MrFrosty: no aid for noobs sorry
(61:17 / All) MrFrosty: its my foreign policy
(61:21 / All) DontLetMeDrown: you guys are soo awesome
(61:37 / All) MrFrosty: to be fair it doesnt take much to beat you guys
(61:39 / All) MrFrosty: but thanks
(62:15 / All) MrFrosty: so of those other 2 games how many did you guys win?
(62:17 / All) gofukurelf: lol only doing the gayest move in fucking wc3 to win
(62:31 / All) gofukurelf: ive used this myself its a fucking clan oma strat
(62:39 / All) gofukurelf: its gay and it makes u gay
(62:40 / All) MrFrosty: its not fyi
(62:50 / All) MrFrosty: what made you gay?
(63:04 / All) gofukurelf: lol ive seen and used it a million times its just fucking retarded
(63:09 / Allies) MrFrosty: you coming through?
(63:13 / Allies) MrFrosty: good
(63:15 / All) Blahsmack: then how come you cant beat it
(63:29 / All) Blahsmack: youve seen it a milloon times
(63:34 / All) gofukurelf: its to late u tards thats whats fucked about it
(63:34 / All) Blahsmack: so counter it
(63:38 / All) DontLetMeDrown: EXACTLY
(63:41 / Allies) MrFrosty: welp
(64:09 / All) MrFrosty: its pretty hard to scout the giant tower walls we had
(64:11 / All) Blahsmack: FUCK
(64:12 / All) Blahsmack: WE LOSE
(64:16 / All) MrFrosty: no way you could have known what was happening
(64:17 / All) Blahsmack:  NO MORE GOLD
(64:50 / All) MrFrosty: have you even turned a profit on this mine pink?
(64:59 / All) DontLetMeDrown: still in the red
(65:08 / All) MrFrosty: no wonder you're a finance noob too
(65:16 / All) MrFrosty: dont know where you should be investing your gold
(65:24 / All) MrFrosty: so you squander it on ineffective towers
(65:39 / All) MrFrosty: and the rehiring of your staff
(65:55 / All) MrFrosty: perhaps you should improve working conditions and that way your staff turn over will decrease alot
(66:32 / All) MrFrosty: there your staff go again
(67:10 / Allies) MrFrosty: gold me
(67:18 / Allies) MrFrosty: got the mine which is what i wanted
(67:20 / Allies) MrFrosty: gold me
(67:45 / All) DontLetMeDrown: as long as you are having fun
(67:52 / Allies) MrFrosty: wait half a sec plz
(68:02 / Allies) MrFrosty: ok rdy
(68:02 / All) Blahsmack: how are you having any fun
(68:12 / All) Blahsmack: must ben fun to get the crap beat out of you?
(69:04 / Allies) MrFrosty: lol the mk clapped
(70:47 / All) Gobiner: 2ez
(71:12 / All) MrFrosty: 2 e z?
(71:31 / All) DontLetMeDrown: it was funny when you said:  YOU"VE SEEN IT TWENTY TIMES
(71:37 / All) DontLetMeDrown: cuz that was exactly what i said